AoeStats
← ayy_lmao

Four Lakes

510136201Analyzed
1v1 RM · 3d ago on Sep 29, 2026· 35m 20s· 2 players
Game mode
Random Map
Map size
Tiny (2 player)
Population
200
Speed
Normal
Resources
Standard
Victory
Conquest
Starting age
Dark Age
Ending age
Imperial Age
RankedLock teamsTeams togetherTeam positionsShared explorationLock speedFull tech treeHidden civsTurbo modeCheats
Victory
Defeat
🇧🇪 Franks · Belgium
810
+13
🇮🇪 Japanese · Ireland
739
-13
ayy_lmao
6:51 Loom
10:32 Feudal Age
11:33 Double-Bit Axe
19:52 Castle Age
22:04 Fletching
24:30 Wheelbarrow
25:49 Ballistics
25:32 Gold Mining
26:12 Bow Saw
26:14 Bodkin Arrow
26:47 Padded Archer Armor
26:41 Town Watch
28:12 Hand Cart
31:49 Imperial Age
30:43 Murder Holes
32:24 Gold Shaft Mining
31:40 Stone Mining
32:57 Leather Archer Armor
32:25 Cranequins
34:41 Conscription
33:56 Cavalier
ciaranomalley90
3:46 Loom
7:38 Loom
10:45 Feudal Age
14:20 Double-Bit Axe
16:33 Fishing Lines
21:41 Castle Age
20:51 Gold Mining
21:55 Wheelbarrow
24:20 Bow Saw
27:15 Imperial Age
25:17 Horse Collar
25:18 Pikeman
26:05 Scale Mail Armor
28:34 Fletching
32:39 Yasama
34:20 Bodkin Arrow
Connection lost

Rejoining the realm…

Still unreachable

The connection could not be restored.

Session expired

The server has moved on; the page needs a fresh start.